 Dungeon Crawl Stone Soup version 0.29.1-1-gd02db6906a (webtiles) character file.

Game seed: 7188330373552573234

156 Zeld the Chopper (level 5, -3/47 HPs)
             Began as a Minotaur Berserker on Oct 9, 2022.
             Was a Believer of Trog.
             Slain by an orc
             ... wielding a +2 trident of venom
              (6 damage)
             ... on level 3 of the Dungeon.
             The game lasted 00:05:06 (2480 turns).

Zeld the Chopper (Minotaur Berserker)               Turns: 2480, Time: 00:05:07

Health: -3/47      AC:  2    Str: 24    XL:     5   Next: 15%
Magic:  4/4        EV: 12    Int:  4    God:    Trog [**....]
Gold:   142        SH:  0    Dex:  9    Spells: 4/4 levels left

rFire   . . .      SeeInvis .   a - +0 war axe
rCold   . . .      Faith    .   (no shield)
rNeg    . . .      Spirit   .   b - +0 animal skin
rPois   .          Reflect  .   (helmet restricted)
rElec   .          Harm     .   (no cloak)
rCorr   .          Rampage  .   (no gloves)
Will    ++...                   (no boots)
Stlth   +.........              (no amulet)
HPRegen 1.15/turn               (no ring)
MPRegen 0.09/turn               (no ring)

@: lethally poisoned (-3 -> -7), strong-willed, regenerating
A: horns 2, retaliatory headbutt
a: Renounce Religion, Berserk, Trog's Hand


You were on level 3 of the Dungeon.
You worshipped Trog.
Trog was pleased with you.
You visited 1 branch of the dungeon, and saw 4 of its levels.

You collected 272 gold pieces.
You spent 130 gold pieces at shops.

Inventory:

Hand Weapons
 a - a +0 war axe (weapon)
Armour
 b - a +0 animal skin (worn)
Wands
 h - a wand of paralysis (3)
Scrolls
 c - a scroll of poison {unknown}
 e - 7 scrolls of identify
 f - 5 scrolls of teleportation
 g - 2 scrolls of summoning {unknown}
 i - a scroll of magic mapping {unknown}
Potions
 d - a potion of mutation {unknown}


   Skills:
 + Level 4.5 Fighting
 * Level 5.3 Axes
 + Level 3.6 Armour
 + Level 3.2 Dodging


You had 4 spell levels left.
You didn't know any spells.
Your spell library was empty.

Dungeon Overview and Level Annotations

Branches:
Dungeon (4/15)
 Temple: D:4-7

Altars:

Shops:
D:2 ?


Innate Abilities, Weirdness & Mutations

You have a pair of horns on your head.
You reflexively headbutt those who attack you in melee.


Message History

You barely miss the adder.
You feel sick. The adder bites you.
You are more poisoned.
The adder poisons you! The adder bites you.
The orc hits you from afar with a +2 trident of venom.
You are lethally poisoned!
The adder bites you.
You are more poisoned.
The adder poisons you! The adder bites you.
You are too injured to fight recklessly!
Unknown command.
You are too injured to fight recklessly!
You feel much better.
You feel extremely sick. The orc barely misses you.
The adder closely misses you. You furiously retaliate!
You headbutt the adder!
You kill the adder!
Trog accepts your kill. The adder barely misses you.
The adder attacks as you move away! The adder bites you.
The orc attacks as you move away! The orc closely misses you.
You feel very sick.
The orc unwields a +0 flail.
The orc wields a +0 sling.
The orc shoots a sling bullet.
The sling bullet hits you.
* * * LOW HITPOINT WARNING * * *
You feel very sick.
* * * LOW HITPOINT WARNING * * *
You feel very sick. The adder bites you.
* * * LOW HITPOINT WARNING * * *
You are more poisoned.
The adder poisons you!
* * * LOW HITPOINT WARNING * * *
You feel very sick.
Your skin crawls.
You feel strong-willed.
* * * LOW HITPOINT WARNING * * *
You feel very sick. The adder barely misses you.
The orc hits you from afar with a +2 trident of venom.
You die...

#..##.......#
#..###.###..#
#...........# ###
##.....†.###.# ##.##
.........# #.###.#.##
##..#...<###.##<###.##
#. ##.........## ##.#
.
#..####.##.###.#######
#..# #.# #@#.........
#..# #S.######... #..#
#oo######.## #..#
#...o....... #..#
#......#......# #...
..####...).####
#.#...# #.#...#
#.#...#


You could see an adder and 2 orcs.

Vanquished Creatures
  An orc priest (D:4)
  2 orc wizards (D:4)
  An adder (D:3)
  3 dart slugs
  8 orcs
  3 ball pythons (D:1)
  5 endoplasms
  2 giant cockroaches
  2 goblins
  4 hobgoblins
  2 jackals (D:1)
  4 kobolds
  4 quokkas
  2 bats (D:1)
  3 frilled lizards
  8 rats
54 creatures vanquished.

Vanquished Creatures (others)
  A demonic plant (D:2)
1 creature vanquished.

Grand Total: 55 creatures vanquished

Notes
Turn   | Place    | Note
-------+----------+-------------------------------------------
     0 | D:1      | Zeld the Minotaur Berserker began the quest for the Orb.
     0 | D:1      | Reached XP level 1. HP: 19/19 MP: 0/0
   293 | D:1      | Reached XP level 2. HP: 25/27 MP: 1/1
   301 | D:1      | Reached skill level 4 in Axes
  1121 | D:1      | Reached XP level 3. HP: 33/33 MP: 2/2
  1226 | D:2      | Found Tabuyc's Magic Scroll Shop.
  1237 | D:2      | Bought a scroll of identify for 26 gold pieces
  1237 | D:2      | Bought a scroll of identify for 26 gold pieces
  1237 | D:2      | Bought a scroll of teleportation for 39 gold pieces
  1344 | D:2      | You fall into a shaft and drop 2 floors!
  1403 | D:4      | HP: 1/33 [orc priest/divine providence (15)]
  1410 | D:4      | Reached ** piety under Trog
  1414 | D:4      | Reached XP level 4. HP: 30/40 MP: 3/3
  1419 | D:4      | Reached skill level 5 in Axes
  1916 | D:2      | Reached XP level 5. HP: 47/47 MP: 4/4
  1923 | D:2      | Identified the +1 pair of boots of Somewhere Else {+Inv
                  | rElec Regen+ Str-4}
  2016 | D:2      | Bought a scroll of teleportation for 39 gold pieces
  2330 | D:2      | Found a faded altar of an unknown god.
  2330 | D:2      | Noticed a Tzitzimitl
  2480 | D:3      | Slain by an orc

Illustrated notes

Levels and vault maps discovered:
D:1:      dpeg_arrival_connections, layout_basic
D:2:      layout_basic, serial_shops, shop_coins,
          dreamdust_ecumenical_altar_sealed_demon, st_stairs_2,
          wander_ebering_terrifying_dragon_lair
D:3:      layout_loops_ring
D:4:      layout_gridville, bloody_makhleb, yredelemnul_forgotten_temple_becter,
          nrook_mini_backslash

Skill      XL: |  1  2  3  4 |
---------------+-------------+-----
Axes           | 4 5 |  5.3
Fighting       | 4 |  4.5
Armour         | 3 |  3.6
Dodging        | 3 |  3.2

Action                   |  1- 3 |  4- 6 || total
-------------------------+-------+-------++-------
Melee: Hand axe          |    54 |    20 ||    74
       Headbutt          |     5 |     2 ||     7
       War axe           |       |     9 ||     9
Invok: Berserk           |       |     1 ||     1
       Trog's Hand       |       |     1 ||     1
  Use: Potion            |     1 |     1 ||     2
Armor: Animal skin       |     6 |     4 ||    10
Dodge: Dodged            |    32 |    26 ||    58
